AoeStats
← AxingQuestions

African Clearing

505144171Analyzed
4v4 RM · 24d ago on Sep 8, 2026· 48m 48s· 8 players
Game mode
Random Map
Map size
Large (8 player)
Population
200
Speed
Normal
Resources
Standard
Victory
Conquest
Starting age
Dark Age
Ending age
Imperial Age
RankedLock teamsTeams togetherTeam positionsShared explorationLock speedFull tech treeHidden civsTurbo modeCheats
Victory
Defeat
🇺🇸 Persians · United States
1275
+14
🇺🇸 Vietnamese · United States
1269
+15
🇺🇸 Bengalis · United States
1256
+15
🇹🇷 Franks · Türkiye
1243
+16
🇲🇽 Persians · Mexico
1269
-16
🇦🇷 Spanish · Argentina
1261
-16
🇦🇷 Vietnamese · Argentina
1210
-14
🇨🇳 Wei · China
1204
-14
evertone
7:16 Loom
14:33 Feudal Age
19:55 Castle Age
18:31 Double-Bit Axe
19:30 Horse Collar
22:13 Scale Barding Armor
22:29 Heavy Plow
23:29 Bloodlines
23:41 Chain Barding Armor
26:17 Forging
28:00 Gold Mining
31:49 Wheelbarrow
32:41 Bow Saw
36:55 Imperial Age
36:44 Iron Casting
37:21 Husbandry
37:59 Plate Barding Armor
38:15 Hand Cart
37:45 Town Watch
39:02 Two-Man Saw
37:52 Cavalier
39:30 Gold Shaft Mining
39:28 Crop Rotation
39:47 Savar
41:29 Blast Furnace
40:40 Stone Mining
40:19 Heavy Camel Rider
42:29 Stone Shaft Mining
43:06 Town Patrol
45:08 Chemistry
44:42 Scale Mail Armor
44:03 Pikeman
44:44 Squires
44:29 Arson
45:56 Chain Mail Armor
45:02 Halberdier
46:20 Gambesons
47:07 Plate Mail Armor
46:28 Fletching
47:50 Ballistics
47:25 Murder Holes
47:41 Masonry
baha
7:12 Loom
14:26 Feudal Age
21:07 Castle Age
19:37 Double-Bit Axe
21:07 Scale Barding Armor
22:35 Chain Barding Armor
23:48 Bow Saw
30:16 Wheelbarrow
33:49 Hand Cart
37:47 Imperial Age
35:34 Town Watch
37:29 Forging
37:36 Husbandry
38:23 Cavalier
39:42 Plate Barding Armor
40:36 Iron Casting
40:29 Paladin
AxingQuestions
7:00 Loom
9:52 Loom
12:44 Feudal Age
13:45 Double-Bit Axe
29:45 Wheelbarrow
28:58 Horse Collar
32:39 Castle Age
31:32 Gold Mining
33:21 Pikeman
34:52 Bow Saw
34:40 Fletching
39:36 Heavy Plow
43:46 Squires
44:49 Bodkin Arrow
TheLowercasee
6:50 Loom
13:16 Feudal Age
13:50 Double-Bit Axe
13:55 Horse Collar
15:27 Fletching
22:06 Wheelbarrow
24:59 Castle Age
23:42 Padded Archer Armor
25:01 Crossbowman
25:47 Thumb Ring
25:39 Bodkin Arrow
27:47 Bow Saw
27:39 Heavy Plow
28:47 Ballistics
30:52 Leather Archer Armor
38:07 Hand Cart
42:31 Imperial Age
41:44 Stone Mining
41:44 Gold Mining
41:52 Gold Mining
42:34 Arbalester
43:15 Bracer
43:46 Ring Archer Armor
44:18 Chemistry
44:53 Siege Engineers
Nalgas Prietas
6:15 Loom
14:28 Feudal Age
18:56 Castle Age
18:03 Horse Collar
18:16 Gold Mining
18:12 Double-Bit Axe
27:27 Heavy Plow
27:41 Bow Saw
35:22 Imperial Age
33:28 Wheelbarrow
34:13 Forging
36:12 Husbandry
37:50 Iron Casting
37:58 Scale Barding Armor
38:04 Bloodlines
37:20 Heavy Camel Rider
38:39 Town Watch
39:08 Stone Mining
40:09 Gold Shaft Mining
40:45 Two-Man Saw
40:53 Hand Cart
42:49 Blast Furnace
43:14 Cavalier
45:16 Hoardings
46:17 Chain Barding Armor
46:09 Savar
Matias_Aoe
13:40 Feudal Age
12:52 Loom
18:08 Castle Age
16:48 Double-Bit Axe
19:09 Bow Saw
21:04 Scale Mail Armor
22:52 Chain Mail Armor
27:04 Wheelbarrow
29:17 Arson
30:38 Hand Cart
30:22 Town Watch
31:44 Forging
32:45 Town Patrol
32:42 Gold Mining
34:38 Squires
37:19 Iron Casting
37:45 Horse Collar
38:42 Heavy Plow
42:04 Imperial Age
40:37 Pikeman
41:21 Stone Mining
42:51 Stone Shaft Mining
42:15 Elite Fire Lancer
43:35 Plate Mail Armor
44:31 Crop Rotation
45:37 Halberdier
46:39 Fletching
47:42 Coinage
Oso Táctico
11:31 Loom
13:17 Feudal Age
14:42 Double-Bit Axe
17:10 Castle Age
16:53 Stone Mining
31:38 Padded Archer Armor
46:31 Town Watch
47:22 Wheelbarrow
48:05 Fletching
48:13 Horse Collar
sabar
3:36 Loom
12:57 Feudal Age
18:07 Horse Collar
18:13 Double-Bit Axe
20:34 Fletching
21:51 Padded Archer Armor
27:40 Castle Age
26:16 Gold Mining
28:07 Town Watch
30:37 Wheelbarrow
31:54 Bow Saw
31:46 Heavy Plow
36:30 Gold Shaft Mining
35:45 Stone Mining
38:48 Imperial Age
36:04 Elite Skirmisher
37:48 Bloodlines
37:38 Husbandry
39:33 Scale Barding Armor
41:17 Heavy Hei Guang Cavalry
43:03 Crop Rotation
42:56 Forging
43:49 Hand Cart
45:00 Chain Barding Armor
44:29 Pikeman
45:47 Iron Casting
45:12 Halberdier
46:06 Capped Ram
48:11 Blast Furnace
Connection lost

Rejoining the realm…

Still unreachable

The connection could not be restored.

Session expired

The server has moved on; the page needs a fresh start.